 Dungeon Crawl Stone Soup version 0.25.1-2-g60ff931df9 (webtiles) character file.

Game seed: 7677331358895948740

758 gruber the Carver (level 7, 0/85 HPs)
             Began as a Minotaur Berserker on Sept 27, 2020.
             Was a Priest of Trog.
             Succumbed to Ijyb's poison gas
             ... on level 5 of the Dungeon.
             The game lasted 00:04:25 (4322 turns).

gruber the Carver (Minotaur Berserker)              Turns: 4322, Time: 00:04:26

Health: 0/85       AC:  6    Str: 23 (24) XL:     7   Next: 50%
Magic:  6/6        EV: 11    Int:  3 (4)  God:    Trog [***...]
Gold:   348        SH:  0    Dex:  8 (9)  Spells: 6/6 levels left

rFire    . . .     SeeInvis .   u - +1 short sword (elec)
rCold    . . .     Gourm    .   (no shield)
rNeg     . . .     Faith    +   d - +0 ring mail (curse)
rPois    .         Spirit   .   (helmet restricted)
rElec    .         Reflect  .   (no cloak)
rCorr    .         Harm     .   (no gloves)
MR       ++...                  (no boots)
Stlth    ..........             l - amulet of faith
HPRegen  1.24/turn              (no ring)
MPRegen  0.10/turn              (no ring)

@: berserking, lethally poisoned (0 -> -10), regenerating, very quick
A: retaliatory headbutt, horns 2
a: Berserk, Trog's Hand, Renounce Religion


You were on level 5 of the Dungeon.
You worshipped Trog.
Trog was most pleased with you.
You were near starving.

You visited 1 branch of the dungeon, and saw 5 of its levels.

You collected 348 gold pieces.

Inventory:

Hand Weapons
 u - a +1 short sword of electrocution (weapon)
Armour
 b - a +0 plate armour
 d - a cursed +0 ring mail (worn)
Jewellery
 l - an amulet of faith (around neck)
Scrolls
 e - 7 scrolls of identify {unknown}
 g - a scroll of enchant armour {unknown}
 i - a scroll of amnesia {unknown}
 n - 4 scrolls of teleportation {unknown}
 p - 3 scrolls of remove curse {unknown}
 q - a scroll of magic mapping {unknown}
 r - a scroll of immolation {unknown}
 v - a scroll of enchant weapon {unknown}
Potions
 a - a potion of degeneration
 f - a potion of mutation {unknown}
 h - a potion of magic {unknown}
 j - a potion of curing
 k - a potion of heal wounds {unknown}
 m - a potion of flight {unknown}
 o - 2 potions of might {unknown}
 t - a potion of cancellation {unknown}
Comestibles
 c - 6 rations


   Skills:
 - Level 3.6 Fighting
   Level 9.1 Long Blades
 * Level 6.1 Armour
 - Level 2.1 Dodging


You had 6 spell levels left.
You didn't know any spells.
Your spell library was empty.

Dungeon Overview and Level Annotations

Branches:
Dungeon (5/15)             Temple (0/1) D:4

Altars:
Kikubaaqudgha
Nemelex Xobeh
The Shining One

Annotations:
D:3 3 runed translucent doors, Bvern's ghost, amateur OpTm; Luthien's ghost, amateur DECj; ZZKoverts's ghost, amateur HaAr; ma3's ghost, amateur DEFE
D:5 Ijyb


Innate Abilities, Weirdness & Mutations

You reflexively headbutt those who attack you in melee.
You have a pair of horns on your head.


Message History

You're too confused to move!
You are engulfed in noxious fumes.
Ijyb closely misses you.
You bump into the rock wall.
You are engulfed in noxious fumes.
Ijyb closely misses you.
You are engulfed in poison gas.
You are poisoned.
You feel sick. Ijyb hits you but does no damage.
You bump into the rock wall.
You are engulfed in poison gas.
You are more poisoned.
* * * LOW HITPOINT WARNING * * *
You feel less confused.
You feel sick. Ijyb hits you with a +0 dagger.
* * * LOW HITPOINT WARNING * * *
A red film seems to cover your vision as you go berserk!
You feel yourself moving faster!
You feel mighty!
You are near starving!
You are engulfed in poison gas.
You are lethally poisoned!
* * * LOW HITPOINT WARNING * * *
You die...

..................
###.....#########
...#...## ## ##.##
#.### #.§°# ##
###§####...#
#g§§☼§....
#@§###.... #§§# .
.☼§.§. ###§§###
#... #...# #...#
....#


You could see Ijyb.

Vanquished Creatures
  Sigmund (D:2)
  An ogre (D:4)
  A scorpion (D:4)
  3 hounds
  An orc priest (D:4)
  A centaur skeleton (D:4)
  An orc wizard (D:5)
  Natasha (thrice) (D:3)
  2 worker ants
  3 gnolls (D:3)
  5 adders
  2 oozes
  An adder skeleton (D:4)
  6 worms
  2 dart slugs
  A leopard gecko (D:3)
  8 orcs
  A ball python (D:1)
  6 giant cockroaches
  4 goblins
  A hobgoblin (D:3)
  5 kobolds
  2 quokkas (D:3)
  9 bats
  8 frilled lizards
  A rat (D:1)
79 creatures vanquished.

Notes
Turn   | Place    | Note
-------+----------+-------------------------------------------
     0 | D:1      | gruber the Minotaur Berserker began the quest for the Orb.
     0 | D:1      | Reached XP level 1. HP: 19/19 MP: 0/0
   120 | D:1      | Reached skill level 4 in Long Blades
   354 | D:1      | Reached XP level 2. HP: 23/26 MP: 1/1
   979 | D:2      | Reached skill level 5 in Long Blades
   986 | D:2      | Reached XP level 3. HP: 10/31 MP: 2/2
  1315 | D:2      | Reached ** piety under Trog
  1431 | D:2      | Found an ancient bone altar of Kikubaaqudgha.
  1432 | D:2      | Noticed Sigmund
  1433 | D:2      | Found a glowing golden altar of the Shining One.
  1443 | D:2      | Killed Sigmund
  1443 | D:2      | Reached skill level 7 in Long Blades
  1443 | D:2      | Reached XP level 4. HP: 30/39 MP: 3/3
  1443 | D:2      | Reached XP level 5. HP: 34/45 MP: 4/4
  1715 | D:3      | Found a sparkling altar of Nemelex Xobeh.
  1895 | D:3      | Reached skill level 8 in Long Blades
  2292 | D:3      | Noticed Natasha
  2299 | D:3      | Killed Natasha
  2299 | D:3      | Reached XP level 6. HP: 25/51 MP: 5/5
  2312 | D:3      | HP: 2/51 [hound (1)]
  2417 | D:3      | Noticed Natasha
  2605 | D:3      | Killed Natasha
  2841 | D:3      | Found a runed translucent gate.
  2842 | D:3      | Found a runed translucent gate.
  2843 | D:3      | Found a runed translucent gate.
  2844 | D:3      | Noticed ma3's ghost (amateur DEFE)
  2844 | D:3      | Noticed Luthien's ghost (amateur DECj)
  2846 | D:3      | Noticed ZZKoverts's ghost (amateur HaAr)
  2846 | D:3      | Noticed Bvern's ghost (amateur OpTm)
  2854 | D:3      | Noticed Natasha
  2865 | D:3      | Killed Natasha
  2866 | D:3      | Reached *** piety under Trog
  3118 | D:4      | Reached skill level 9 in Long Blades
  3328 | D:4      | Found a staircase to the Ecumenical Temple.
  3452 | D:4      | Reached XP level 7. HP: 57/57 MP: 6/6
  3788 | D:4      | Reached skill level 5 in Armour
  4008 | D:5      | Entered Level 5 of the Dungeon
  4300 | D:5      | Noticed Ijyb
  4322 | D:5      | HP: 2/85 [Ijyb] (9)]
  4322 | D:5      | Succumbed to Ijyb's poison gas

Illustrated notes

Levels and vault maps discovered:
D:1:      dpeg_arrival_tiny_k, layout_basic
D:2:      layout_rooms, chequers_temple_overflow_statue_of_worship, uniq_sigmund
D:3:      layout_rooms, nemelex_xobeh_ov_fountains_minmay,
          gammafunk_ghost_cemetery, first_ration, st_stairs_3, uniq_natasha
D:4:      layout_gridville, minmay_temple_entry_wispy
D:5:      layout_loops_ring, slow_altar_2, serial_shops, shop, basic_altar,
          uniq_duvessa, uniq_ijyb, uniq_eustachio

Skill      XL: |  1  2  3  4  5  6  7 |
---------------+----------------------+-----
Long Blades    | 4 5 7 8 9 |  9.1
Armour         | 4 6 |  6.1
Fighting       | |  3.6
Dodging        | |  2.1

Action                   |  1- 3 |  4- 6 |  7- 9 || total
-------------------------+-------+-------+-------++-------
Melee: Falchion          |     8 |    38 |       ||    46
       Headbutt          |    14 |    20 |     5 ||    39
       Whip              |    53 |    43 |       ||    96
       Short sword       |       |    17 |    42 ||    59
Invok: Berserk           |       |       |     1 ||     1
       Trog's Hand       |       |       |     1 ||     1
  Use: Potion            |       |       |     2 ||     2
  Eat: Chunk             |     2 |     6 |     2 ||    10
Armor: Ring mail         |    22 |    28 |    12 ||    62
Dodge: Dodged            |    22 |    57 |    19 ||    98
       Rpst.: Falchion   |       |     6 |       ||     6
